 Dungeon Crawl Stone Soup version 0.31-a0-986-g5e6e4ef867 (webtiles) character file.

Game seed: 12888620599298564639

84 croobank the Changeling (level 4, -3/36 HPs)
             Began as a Draconian Shapeshifter on Nov 21, 2023.
             Killed by divine providence
             ... invoked by an orc priest
              (9 damage)
             ... on level 3 of the Dungeon.
             The game lasted 00:02:48 (1612 turns).

croobank the Changeling (Draconian Shapeshifter)    Turns: 1612, Time: 00:02:49

Health: -3/36      AC:  5    Str: 17    XL:     4   Next: 23%
Magic:  4/4        EV: 12    Int: 12    God:
Gold:   102        SH:  0    Dex: 10    Spells: 1/3 levels left

rFire   . .          .
                       - Unarmed
rCold   . . .        (no shield)
rNeg    . . .        (body armour unavailable)
rPois   .            (helmet currently unavailable)
rElec   .            (cloak currently unavailable)
rCorr   .            (gloves currently unavailable)
SInv    .            (boots currently unavailable)
Will    +....        f - amulet of magic regeneration
Stlth   +            (no ring)
HPRegen 0.26/turn    (no ring)
MPRegen 0.49/turn

%: no passive effects
@: about to teleport, beast-form, enlightened, flying
A: beast (slay +2), AC +5, unfitting armour, cold-blooded
a: Begin Untransformation


You were on level 3 of the Dungeon.
You were a hulking beast.
You visited 1 branch of the dungeon, and saw 3 of its levels.

You collected 102 gold pieces.

Inventory:

Missiles
 e - 4 poisoned darts
Armour
 m - a +0 pair of gloves
Jewellery
 f - an amulet of magic regeneration (around neck)
Talismans
 b - a beast talisman
 c - a flux talisman
Wands
 j - a wand of mindburst (16)
Scrolls
 g - 2 scrolls of teleportation
 h - a scroll of poison {unknown}
 i - a scroll of immolation {unknown}
 l - a scroll of torment {unknown}
Potions
 a - a potion of lignification


   Skills:
 + Level 2.1 Fighting
 + Level 2.3 Dodging
 + Level 3.4 Unarmed Combat
 + Level 0.4 Spellcasting
 + Level 0.4 Translocations
 * Level 3.6 Shapeshifting


You had one spell level left.
You knew the following spells:

 Your Spells              Type           Power      Damage    Failure   Level
a - Blink                 Tloc           2%         N/A       36%         2

Your spell library contained the following spells:

 Spells                   Type           Power      Damage    Failure   Level
 Manifold Assault         Tloc           1%         N/A       95%         4


Dungeon Overview and Level Annotations

Branches:
Dungeon (3/15)

Altars:


Innate Abilities, Weirdness & Mutations

You are a hulking beast.
Your limbs bulge with bestial killing power. (Slay +2)
Your plain brown scales are hard. (AC +5)
You cannot fit into any form of body armour.
You are cold-blooded and may be slowed by cold attacks.


Message History

The worm is moderately wounded.
You hit the worm.
The worm is heavily wounded.
The worm misses you.
You hit the worm.
The worm is heavily wounded.
You hit the worm.
The worm is severely wounded.
The worm bites you.
You hit the worm.
The worm is severely wounded.
You hit the worm.
You kill the worm!
No target in view!
HP restored.
You see here a worm corpse.
Found a stone staircase leading down.
An orc priest comes into view. It is wielding a +0 club.
The orc priest calls down the wrath of Beogh upon you.
Beogh smites you!
The orc priest mumbles some strange prayers to Beogh against you.
Beogh smites you!
* * * LOW HITPOINT WARNING * * *
An orc comes into view. It is wielding a +0 dagger.
A frilled lizard comes into view.
You are too injured to fight recklessly!
You are too injured to fight recklessly!
Unknown command.
It was a potion of enlightenment.
You feel very buoyant.
You fly up into the air.
The frilled lizard hisses angrily.
As you read the scroll labelled KANIDIDUDUFF, it crumbles to dust.
It is a scroll of amnesia.
Okay, then.
As you read the scroll labelled COPSYI NOSE, it crumbles to dust.
You feel strangely unstable.
It was a scroll of teleportation.
The orc priest mumbles some strange prayers to Beogh against you.
Beogh smites you!
You die...

.............#.#####...
.......#.....#.........
.......#.###...........
.......#.# ##.........#
.......#.# #..#.......#
.....(.... #.##†......#
.......... #.##.......#
.##..#..........#
#...h#.......#
##.#.#####.... #o...#
.... ..lo..### ...
.>.##. .. .... #. ...
## ..


You could see an orc priest, an orc and a frilled lizard.

Vanquished Creatures
  3 adders
  3 worms
  A dart slug (D:1)
  6 ball pythons
  6 endoplasms
  A giant cockroach (D:1)
  6 goblins
  3 hobgoblins
  3 jackals (D:1)
  2 quokkas
  4 bats
  4 kobolds
  2 rats
44 creatures vanquished.

Notes
Turn   | Place    | Note
-------+----------+-------------------------------------------
     0 | D:1      | croobank the Draconian Shapeshifter began the quest for the
                  | Orb.
     0 | D:1      | Reached XP level 1. HP: 16/16 MP: 1/1
   143 | D:1      | Reached XP level 2. HP: 23/23 MP: 2/2
   872 | D:1      | Reached XP level 3. HP: 29/29 MP: 3/3
   875 | D:1      | Learned a level 2 spell: Blink
  1359 | D:2      | Reached XP level 4. HP: 31/36 MP: 4/4
  1612 | D:3      | Killed from afar by an orc priest

Illustrated notes

Levels and vault maps discovered:
D:1:      eino_arrival_cavern_d, layout_basic
D:2:      layout_rooms
D:3:      layout_rooms

Skill      XL: |  1  2  3 |
---------------+----------+-----
Dodging        | 2 |  2.3
Fighting       | 2 |  2.1
Unarmed Combat | |  3.4
Spellcasting   | |  0.4
Translocations | |  0.4
Shapeshifting  | |  3.6

Action                     |  1- 3 |  4- 6 || total
---------------------------+-------+-------++-------
  Melee: Unarmed           |   120 |    15 ||   135
         Tailslap          |    13 |     2 ||    15
         Punch             |     3 |       ||     3
    Use: Scroll            |       |     2 ||     2
         Potion            |       |     1 ||     1
 Armour: Skin              |    73 |     5 ||    78
  Dodge: Dodged            |    94 |     4 ||    98

Table legend: (Time is in decaauts)
 A = Elapsed time spent in this place.
 B = Non-inter-level travel time spent in this place.
 C = Inter-level travel time spent in this place.
 D = Time resting spent in this place.
 E = Time spent auto-exploring this place.
 F = Levels seen in this place.
 G = Mean time per level.
                   A        B        C        D        E       F      G
               +--------+--------+--------+--------+--------+-----+--------+
         Total |   1610 |   1511 |     99 |    221 |    985 |   3 |  536.7 |
       Dungeon |   1610 |   1511 |     99 |    221 |    985 |   3 |  536.7 |
               +--------+--------+--------+--------+--------+-----+--------+

Top non-repeatable levels by time:
     D:1: 1130 daAuts
     D:2: 431 daAuts
     D:3: 47 daAuts
